Map: Ephemeron LE

Players

NORTHAMERICA - Winner!

  • Race: Protoss Protoss
  • League: Grandmaster
  • Spawn Location: 5:00

lllllllllll

  • Race: Protoss Protoss
  • League: Grandmaster
  • Spawn Location: 11:00

VOD

Have the link to the VOD?

Description

Time

  • Played on: Dec. 6, 2019, 5:43 a.m.
  • Length: 16:06
Show
View Real Time Build Order
Export as new Build Order

NORTHAMERICA Protoss - Winner!

Build Orders: Blink Stalkers 

Get SALT Encoding   

  12  0:01  Probe  
  13  0:13  Probe  
  14  0:17  Pylon  
  14  0:26  Probe  
  15  0:38  Probe (Chrono Boost), Gateway  
  16  0:49  Probe (Chrono Boost), Assimilator  
  17  0:54  Probe (Chrono Boost)  
  18  0:57  Assimilator  
  18  1:04  Probe (Chrono Boost)  
  19  1:14  Probe (Chrono Boost), Gateway  
  20  1:19  Probe (Chrono Boost)  
  21  1:29  Cybernetics Core  
  21  1:30  Probe  
  22  1:38  Pylon  
  22  1:42  Probe  
  23  1:56  Probe  
  24  2:03  Warp Gate (Chrono Boost)  
  24  2:05  Stalker  
  24  2:06  Sentry  
  28  2:17  Pylon  
  28  2:37  Sentry  
  28  2:38  Nexus  
  28  2:44  Stalker  
  32  2:55  Twilight Council  
  32  2:58  Probe  
  33  3:12  Pylon, Probe (Chrono Boost)  
  34  3:21  Probe (Chrono Boost)  
  34  3:26  Probe (Chrono Boost)  
  36  3:36  Robotics Facility  
  36  3:38  Probe  
  37  3:51  Probe (Chrono Boost), Blink (Chrono Boost)  
  39  3:56  Probe (Chrono Boost)  
  39  3:58  Stalker  
  39  4:00  Probe (Chrono Boost)  
  42  4:04  Probe (Chrono Boost)  
  42  4:05  Probe (Chrono Boost)  
  44  4:15  Probe  
  45  4:17  Probe  
  45  4:20  Gateway  
  45  4:21  Gateway  
  46  4:27  Probe  
  46  4:30  Observer  
  46  4:31  Probe  
  49  4:34  Assimilator  
  49  4:35  Assimilator  
  49  4:38  Pylon  
  49  4:39  Probe  
  49  4:43  Probe, Adept  
  53  4:51  Probe  
  54  4:54  Robotics Bay  
  54  4:55  Probe  
  55  5:01  Gateway  
  55  5:03  Probe  
  56  5:07  Probe, Immortal (Chrono Boost)  
  56  5:12  Stalker  
  63  5:18  Shield Battery  
  63  5:19  Pylon  
  63  5:27  Robotics Facility  
  63  5:38  Disruptor (Chrono Boost)  
  66  5:44  Charge  
  66  5:53  Probe  
  67  5:57  Nexus  
  67  5:58  Pylon, Stalker  
  67  5:59  Stalker  
  71  6:04  Zealot, Disruptor (Chrono Boost)  
  71  6:10  Probe  
  77  6:18  Disruptor (Chrono Boost)  
  80  6:22  Probe  
  81  6:27  Probe  
  81  6:31  Stalker x2  
  86  6:40  Pylon  
  86  6:43  Gateway  
  86  6:49  Forge  
  86  6:55  Dark Shrine  
  86  6:56  Probe x2  
  89  7:01  Stalker  
  89  7:04  Disruptor (Chrono Boost)  
  89  7:05  Stalker  
  94  7:08  Probe x2  
  94  7:15  Zealot x3  
  101  7:18  Protoss Ground Weapons Level 1 (Chrono Boost)  
  93  7:36  Pylon  
  91  7:37  Pylon x2  
  91  7:47  Nexus  
  91  7:49  Pylon  
  91  7:51  Pylon  
  91  7:55  Disruptor (Chrono Boost)  
  94  8:00  Stalker x3  
  100  8:11  Probe  
  101  8:17  Disruptor  
  105  8:20  Probe, Assimilator  
  105  8:23  Probe  
  105  8:25  Assimilator  
  106  8:28  Dark Templar  
  106  8:31  Dark Templar  
  106  8:32  Probe, Dark Templar  
  113  8:37  Probe  
  114  8:44  Probe  
  118  8:49  Probe  
  118  8:52  Stalker x2  
  118  8:55  Stalker  
  125  8:56  Probe  
  126  9:09  Dark Templar  
  121  9:11  Dark Templar x2  
  100  9:25  Stalker x4  
  100  9:27  Archon  
  85  9:45  Zealot  
  85  9:46  Zealot  
  85  9:49  Zealot x4  
  65  10:07  Zealot  
  65  10:08  Zealot  
  65  10:11  Zealot  
  65  10:12  Zealot x3  
  50  10:29  Zealot x2  
  50  10:35  Zealot x3  
  52  10:43  Zealot  
  52  10:48  Observer  
  55  10:53  Zealot  
  49  11:02  Templar Archives  
  47  11:07  Stalker x3  
  53  11:11  Sentry  
  53  11:18  Zealot x2  
  59  11:31  Dark Templar x2  
  57  11:35  Dark Templar  
  45  11:51  Zealot x2  
  45  11:52  Zealot  
  47  12:03  High Templar  
  47  12:04  High Templar  
  51  12:10  Archon, Protoss Ground Weapons Level 2 (Chrono Boost)  
  51  12:11  Probe (Chrono Boost)  
  53  12:16  Probe (Chrono Boost)  
  53  12:21  Probe (Chrono Boost)  
  53  12:26  Disruptor (Chrono Boost)  
  55  12:40  Disruptor (Chrono Boost)  
  55  12:42  Zealot x4  
  64  12:49  Stalker  
  66  12:55  Disruptor (Chrono Boost)  
  69  13:04  Zealot x2  
  73  13:13  Disruptor (Chrono Boost)  
  76  13:31  Nexus  
  76  13:38  Pylon  
  76  13:44  High Templar x2  
  80  13:54  Archon  
  78  13:59  Stalker  
  78  14:00  Stalker  
  82  14:04  Stalker  
  84  14:15  Dark Templar  
  82  14:28  Disruptor  
  83  14:43  Stalker x4  
  87  15:03  Dark Templar x2  
  68  15:29  Zealot  
  68  15:30  Zealot x2  
  74  15:42  Dark Templar  
Show
View Real Time Build Order
Export as new Build Order

lllllllllll Protoss 

Build Orders: 1 Gate Expand, Phoenix Opening, Archon Immortal 

Get SALT Encoding   

  12  0:00  Probe  
  13  0:12  Probe  
  14  0:19  Pylon  
  14  0:25  Probe (Chrono Boost)  
  15  0:37  Probe (Chrono Boost)  
  15  0:38  Gateway  
  16  0:46  Probe (Chrono Boost)  
  17  0:50  Assimilator  
  17  0:51  Probe  
  18  1:03  Probe  
  19  1:15  Probe  
  20  1:23  Nexus  
  20  1:32  Cybernetics Core  
  20  1:36  Probe  
  21  1:40  Assimilator  
  21  1:48  Probe  
  21  1:51  Pylon  
  22  2:00  Probe  
  23  2:06  Adept (Chrono Boost)  
  23  2:09  Warp Gate  
  23  2:12  Probe  
  26  2:21  Robotics Facility  
  26  2:29  Gateway  
  26  2:34  Stalker (Chrono Boost)  
  28  2:39  Probe  
  28  2:43  Probe  
  30  2:51  Probe  
  30  2:55  Probe  
  30  2:56  Stalker  
  34  3:04  Probe (Chrono Boost)  
  35  3:08  Probe (Chrono Boost)  
  35  3:09  Observer  
  37  3:15  Probe (Chrono Boost)  
  37  3:17  Sentry  
  37  3:18  Probe (Chrono Boost)  
  41  3:22  Probe (Chrono Boost)  
  41  3:23  Probe (Chrono Boost)  
  41  3:24  Pylon  
  43  3:31  Probe  
  43  3:33  Probe  
  45  3:42  Immortal  
  45  3:43  Probe  
  45  3:45  Probe  
  51  3:50  Phoenix  
  51  3:52  Pylon  
  51  3:53  Pylon  
  51  3:55  Probe  
  52  3:58  Stalker  
  54  4:06  Assimilator  
  54  4:08  Assimilator  
  54  4:10  Twilight Council  
  54  4:11  Probe  
  54  4:12  Probe  
  54  4:14  Sentry  
  58  4:22  Gateway  
  58  4:23  Probe  
  58  4:24  Probe  
  60  4:31  Forge  
  60  4:36  Probe x2  
  60  4:38  Pylon  
  62  4:45  Immortal  
  66  4:47  Charge (Chrono Boost)  
  66  4:55  Protoss Ground Weapons Level 1 (Chrono Boost)  
  66  4:59  Templar Archives  
  66  5:05  Gateway  
  66  5:08  Gateway  
  66  5:09  Gateway  
  66  5:17  Gateway  
  66  5:23  Gateway  
  66  5:29  Warp Prism  
  68  5:42  Nexus  
  68  5:51  Stargate  
  68  5:54  Stargate  
  68  6:02  Pylon  
  68  6:07  High Templar  
  68  6:08  Pylon, Zealot, High Templar  
  68  6:09  Zealot  
  76  6:12  Archon  
  76  6:20  Immortal (Chrono Boost)  
  80  6:26  Probe x2  
  80  6:29  Observer  
  80  6:31  Pylon  
  82  6:38  Zealot x4  
  90  6:42  High Templar x2  
  90  6:46  Archon  
  94  6:47  Pylon  
  94  6:57  Phoenix (Chrono Boost)  
  94  6:58  Phoenix (Chrono Boost)  
  98  7:02  Pylon  
  98  7:03  Probe x2  
  98  7:04  Pylon  
  98  7:06  Probe  
  101  7:15  Zealot x3  
  107  7:25  Phoenix (Chrono Boost)  
  95  7:33  Phoenix (Chrono Boost)  
  95  7:40  Probe x2  
  95  7:41  Probe, Immortal  
  98  7:44  Phoenix  
  100  7:51  Phoenix (Chrono Boost)  
  100  7:57  Zealot x3  
  100  7:58  Zealot  
  110  8:08  Phoenix (Chrono Boost)  
  110  8:10  Pylon  
  112  8:12  Zealot  
  112  8:13  Zealot  
  112  8:16  Phoenix (Chrono Boost)  
  118  8:24  Warp Prism (Chrono Boost)  
  118  8:26  Zealot x2  
  124  8:31  Zealot x2  
  128  8:36  Phoenix  
  128  8:39  Phoenix  
  132  8:45  Zealot x2  
  136  8:55  Zealot x3  
  137  9:11  Observer (Chrono Boost)  
  122  9:19  Zealot x6  
  108  9:26  Zealot  
  108  9:27  Zealot  
  92  9:42  Zealot  
  84  9:46  High Templar x2  
  84  9:47  Zealot  
  84  9:51  Archon, Zealot  
  68  10:01  Zealot x2  
  60  10:11  Zealot x2  
  56  10:26  Observer (Chrono Boost)  
  56  10:27  Zealot x2  
  57  10:35  Zealot x2  
  41  10:51  Zealot x2  
  45  10:59  Observer  
  43  11:10  High Templar x2  
  47  11:11  Zealot x2  
  47  11:14  Archon, Zealot  
  45  11:33  Zealot x2  
  37  11:48  Probe x2  
  37  11:53  Immortal (Chrono Boost)  
  33  11:56  Probe  
  33  12:01  Probe  
  38  12:06  Probe  
  40  12:20  Probe  
  40  12:21  Probe  
  42  12:25  Observer (Chrono Boost)  
  42  12:34  High Templar x2  
  42  12:35  Zealot x2  
  50  12:39  Archon  
  50  12:44  Probe x2  
  51  12:48  Warp Prism (Chrono Boost)  
  53  13:00  Probe x2  
  55  13:12  Zealot x4  
  63  13:22  Zealot x2  
  63  13:25  High Templar  
  63  13:26  High Templar  
  71  13:30  Archon  
  71  13:34  Zealot x2  
  75  13:43  Zealot x2  
  79  13:59  Zealot x3  
  85  14:19  High Templar  
  85  14:20  High Templar  
  85  14:21  Zealot x4  
  97  14:25  Archon, Zealot  
  99  14:42  Zealot x4  
  107  14:47  Probe x2  
  96  15:01  Observer (Chrono Boost)  
  65  15:10  Zealot x3  
  43  15:31  Immortal (Chrono Boost)  
  47  15:47  High Templar x2  
  47  15:48  Zealot  
  53  15:52  Archon  
Tags
 
Add a new tag
Caveats
  • Supply blocks, unpowered buildings, or Contaminate may cause inaccurate times.
  • Supply counts are checked every 10 seconds.